 Dungeon Crawl Stone Soup version 0.32-a0-666-ge8a8869 (webtiles) character file.

Game seed: 12574856163943281522

125 Meow the Conjurer (level 5, 3/42 HPs)
             Began as a Naga Conjurer on Mar 9, 2024.
             Quit the game on level 4 of the Dungeon.
             The game lasted 00:07:43 (2213 turns).

Meow the Conjurer (Naga Conjurer)                   Turns: 2213, Time: 00:07:43

Health: 3/42       AC:  2    Str:  9    XL:     5   Next: 9%
Magic:  8/10       EV:  9    Int: 21    God:
Gold:   195        SH:  0    Dex:  9    Spells: 5/11 levels left

rFire   . . .        a - +2 hand axe (elec)
rCold   . . .        (no shield)
rNeg    . . .        d - +0 robe
rPois   +            (no helmet)
rElec   .            (no cloak)
rCorr   .            (no gloves)
SInv    +            (no barding)
Will    .....        (no amulet)
Stlth   ++           (no ring)
HPRegen 0.27/turn    (no ring)
MPRegen 0.12/turn

%: no passive effects
@: very slightly contaminated, very slow
A: AC +1, large, see invisible, deformed body, poison resistance, slowness 2,
spit poison 1, naga tail 1
a: Spit Poison


You were on level 4 of the Dungeon.
You visited 1 branch of the dungeon, and saw 5 of its levels.

You collected 195 gold pieces.

Inventory:

Hand Weapons
 a - a +2 hand axe of electrocution (weapon)
Missiles
 c - 35 stones
 g - 2 throwing nets
Armour
 d - a +0 robe (worn)
 o - an orb of guile
 r - a +1 pair of gloves of strength
Scrolls
 f - a scroll of poison {unknown}
 h - a scroll of fog
 i - a scroll of revelation
 k - 4 scrolls of identify {unknown}
 p - a scroll of amnesia {unknown}
Potions
 b - a potion of magic
 j - a potion of haste {unknown}
 l - a potion of lignification {unknown}
 m - a potion of degeneration {unknown}
 n - a potion of might {unknown}
 q - a potion of curing {unknown}


   Skills:
 - Level 1.5 Dodging
 - Level 3.0 Stealth
 + Level 3.6 Spellcasting
 + Level 5.2 Conjurations


You had 5 spell levels left.
You knew the following spells:

 Your Spells              Type           Power      Damage    Failure   Level
a - Magic Dart            Conj           100%       1d8       1%          1
b - Searing Ray           Conj           50%        2d6       2%          2
c - Mephitic Cloud        Conj/Alch/Air  11%        N/A       19%         3

Your spell library contained the following spells:

 Spells                   Type           Power      Damage    Failure   Level
 Sting                    Conj/Alch      56%        1d6       4%          1
 Apportation              Tloc           6%         N/A       13%         1
 Necrotise                Necr           12%        1d4       13%         1
 Summon Small Mammal      Summ           12%        N/A       13%         1
 Blink                    Tloc           6%         N/A       19%         2
 Call Imp                 Summ           6%         N/A       19%         2
 Mercury Vapours          Alch/Air       6%         N/A       19%         2
 Fulminant Prism          Conj/Alch      7%         3d7       38%         4
 Iskenderun's Mystic Bla  Conj/Tloc      14%        2d5       38%         4
 Freezing Cloud           Conj/Ice/Air   5%         6-21      86%         5


Dungeon Overview and Level Annotations

Branches:
Dungeon (5/15)
 Temple: D:4-7

Altars:

Annotations:
D:3 Grinder


Innate Abilities, Weirdness & Mutations

Your serpentine skin is tough. (AC +1)
You have supernaturally acute eyesight. (SInv)
Armour fits poorly on your strangely shaped body.
Your system is resistant to poisons. (rPois)
You cover ground very slowly.
You can spit poison.
You have a snake-like lower body.


Message History

The black bear moves out of view.
You see here a +1 pair of gloves of strength.
r - a +1 pair of gloves of strength You start putting on your armour.
You continue putting on your +1 pair of gloves of strength.
The black bear bites you.
You stop putting on your armour.
The black bear closely misses you. The black bear claws you.
Unknown command.
Aiming: Spit Poison (1% risk of failure)
Press: ? - help, Shift-Dir - straight line, f - jackal
Aim: a jackal (asleep, 100% to hit)
The splash of poison hits the black bear.
The black bear is poisoned.
The black bear is lightly wounded.
The black bear closely misses you. The black bear claws you. x2
Casting: Searing Ray (safe; 2% risk of failure)
Confirm with . or Enter, or press ? or * to list all spells.
Aiming: Searing Ray (safe; 2% risk of failure)
Press: ? - help, Shift-Dir - straight line, f - black bear
Aim: a black bear (lightly wounded, poisoned, 85% to hit)
You miscast Searing Ray.
You are very lightly contaminated with residual magic.
Nothing appears to happen.
The black bear bites you! The black bear claws you. x2
* * * LOW HITPOINT WARNING * * *
As you read the scroll of teleportation, it crumbles to dust.
You feel strangely unstable.
You have got your breath back.
The black bear bites you!
* * * LOW HITPOINT WARNING * * *
The black bear claws you but does no damage. x2
Unknown command.
The black bear attacks as it pursues you!
The black bear bites you.
* * * LOW HITPOINT WARNING * * *
The black bear completely misses you. The black bear claws you.
* * * LOW HITPOINT WARNING * * *
The black bear closely misses you. The black bear barely misses you.
The black bear closely misses you.
Your surroundings suddenly seem different.
Are you sure you want to abandon this character and quit the game? (Confirm with "yes".)

# . ##. ### .. ###.##
##.######## #....##
#............
#####.##..#####.#...........
##.....###..>.##@.##.........
#..##### ####.....#.#.......B
..## ####...#.##.... .##
#....##.#.. .# #..รท.#.#.# .#
#.....#.# ## #......##$ #
##............. ###
#..............


There were no monsters in sight!

Vanquished Creatures
  A phantom (D:4)
  3 adders
  An orc (D:4)
  5 ball pythons
  2 endoplasms
  A giant cockroach (D:2)
  5 goblins
  2 hobgoblins
  2 kobolds
  A quokka (D:1)
  A frilled lizard (D:1)
  2 rats (D:1)
26 creatures vanquished.

Notes
Turn   | Place    | Note
-------+----------+-------------------------------------------
     0 | D:1      | Meow the Naga Conjurer began the quest for the Orb.
     0 | D:1      | Reached XP level 1. HP: 15/15 MP: 3/3
   241 | D:1      | Reached XP level 2. HP: 22/22 MP: 0/5
   244 | D:1      | Learned a level 2 spell: Searing Ray
  1117 | D:2      | Reached XP level 3. HP: 28/28 MP: 0/7
  1767 | D:3      | Learned a level 3 spell: Mephitic Cloud
  1862 | D:3      | Noticed Grinder
  2056 | D:5      | Entered Level 5 of the Dungeon
  2058 | D:5      | Noticed a yak
  2058 | D:5      | Noticed a yak
  2072 | D:4      | Noticed a phantom
  2077 | D:4      | Killed a phantom
  2078 | D:4      | Reached skill level 5 in Conjurations
  2078 | D:4      | Reached XP level 4. HP: 31/36 MP: 0/9
  2078 | D:4      | Reached XP level 5. HP: 36/42 MP: 0/10
  2203 | D:4      | Noticed a black bear
  2210 | D:4      | HP: 2/42 [black bear (1)]
  2213 | D:4      | Quit the game

Illustrated notes

Levels and vault maps discovered:
D:1:      ncdulo_halloftheorcs, layout_basic, minmay_misc_feat_more_columns,
          nrook_loot_triangle, minmay_pentomino_q4
D:2:      layout_basic
D:3:      layout_basic, xom_teletrap_fun, nicolae_figureground_sparkle,
          uniq_grinder
D:4:      layout_rooms, gammafunk_temple_overflow_statue, lemuel_round_altar,
          st_stairs_3, minmay_misc_feat_secret_circle
D:5:      layout_basic, amcnicky_mini_corridor_feature,
          chequers_serial_rivers_micro_c

Skill      XL: |  1  2  3 |
---------------+----------+-----
Spellcasting   | 3 |  3.6
Conjurations   | 5 |  5.2
Dodging        | |  1.5
Stealth        | |  3.0

Action                     |  1- 3 |  4- 6 || total
---------------------------+-------+-------++-------
   Cast: Magic Dart        |    21 |       ||    21
         Searing Ray       |     5 |       ||     5
Ability: Spit Poison       |    19 |     2 ||    21
    Use: Scroll            |     3 |     1 ||     4
 Armour: Robe              |     6 |    12 ||    18
  Dodge: Dodged            |     5 |     6 ||    11

Table legend: (Time is in decaauts)
 A = Elapsed time spent in this place.
 B = Non-inter-level travel time spent in this place.
 C = Inter-level travel time spent in this place.
 D = Time resting spent in this place.
 E = Time spent auto-exploring this place.
 F = Levels seen in this place.
 G = Mean time per level.
                   A        B        C        D        E       F      G
               +--------+--------+--------+--------+--------+-----+--------+
         Total |   2884 |   2774 |    110 |    372 |   1939 |   5 |  576.8 |
       Dungeon |   2884 |   2774 |    110 |    372 |   1939 |   5 |  576.8 |
               +--------+--------+--------+--------+--------+-----+--------+

Top non-repeatable levels by time:
     D:2: 1323 daAuts
     D:1: 970 daAuts
     D:3: 297 daAuts
     D:4: 284 daAuts
     D:5: 8 daAuts
